 Dungeon Sprint DCSS version 0.22-a0-358-g7563fe7 (webtiles) character file.

6799 KristoblXynda the Fencer (level 10, -26/72 HPs)
             Began as a Green Draconian Gladiator on Apr 18, 2018.
             Was the Champion of Makhleb.
             Killed from afar by Dowan (35 damage)
             ... with a bolt of fire
             ... in the Dungeon (Sprint III: "The Ten Rune Challenge").
             The game lasted 00:10:51 (1900 turns).

KristoblXynda the Fencer (DrGl)                     Turns: 1900, Time: 00:10:52

Health: -26/72     AC:  8    Str: 16    XL:     10   Next: 76%
Magic:  18/18      EV: 21    Int: 10    God:    Makhleb [******]
Gold:   2332       SH:  0    Dex: 15    Spells: 9/9 levels left

rFire    . . .     SeeInvis .   i - +2 long sword (holy)
rCold    + . .     Gourm    .   (no shield)
rNeg     . . .     Faith    .   (armour unavailable)
rPois    +         Spirit   .   b - +0 hat
rElec    .         Reflect  .   k - +0 cloak
rCorr    .         Harm     .   (no gloves)
MR       .....     NoTele   +   (no boots)
Stlth    +.........             (no amulet)
HPRegen  0.22/turn              (no ring)
MPRegen  0.16/turn              (no ring)

@: glowing
A: breathe noxious fumes, unfitting armour, beak, hooves 1, cold resistance 1,
frail 1, poison resistance, wild magic 1, evolution 1, cold-blooded, AC +7
a: Breathe Noxious Fumes, Minor Destruction, Lesser Servant of Makhleb, Major
Destruction, Greater Servant of Makhleb, Renounce Religion


You were in the Dungeon.
You worshipped Makhleb.
Makhleb was exalted by your worship.
You were not hungry.

You visited 1 branch You collected 3652 gold pieces.
You spent 1320 gold pieces at shops.

Inventory:

Hand Weapons
 a - a +0 long sword
 i - a +2 long sword of holy wrath (weapon)
 r - a +0 scimitar
Missiles
 c - a throwing net (quivered)
Armour
 b - a +0 hat (worn)
 k - a +0 cloak (worn)
 y - a +0 shield of reflection
Jewellery
 w - the amulet of Tysoys {+Rage rN+ MP+9, unknown}
   (You took it off a deep elf annihilator in the Dungeon)

   [amulet of rage]

   It protects you from negative energy.
   It affects your magic capacity (+9).
   It lets you go berserk.
Wands
 e - a wand of clouds (1)
Scrolls
 j - a scroll of blinking
 m - a scroll of holy word {unknown}
 n - a scroll of enchant armour {unknown}
 o - 2 scrolls of remove curse {unknown}
 q - a scroll of torment
 x - 4 scrolls of amnesia {unknown}
Potions
 f - a potion of might
 g - a potion of haste
 h - 2 potions of magic
 p - 3 potions of flight
Miscellaneous
 s - a box of beasts
 t - a fan of gales
 u - a lamp of fire
 v - a lightning rod (1/4)
Comestibles
 d - 4 rations


   Skills:
 - Level 5.5 Fighting
 - Level 15.6 Long Blades
 - Level 2.0 Throwing
 - Level 13.0 Dodging
 + Level 1.8 Shields
 + Level 9.5 Invocations
 + Level 11.3 Evocations


You had 9 spell levels left.
You didn't know any spells.

Dungeon Overview and Level Annotations

Branches:
Dungeon (1/1)

Altars:
Cheibriados
Dithmenos
Elyvilon
Fedhas
Gozag
Hepliaklqana
Kikubaaqudgha
Makhleb
Nemelex Xobeh
Okawaru
Qazlal
Ru
Sif Muna
Trog
Uskayaw
Vehumet
Wu Jian
Xom
Yredelemnul
Zin
The Shining One
Beogh
Jiyva
Lugonu

Shops:
D }

Annotations:
D Dowan, Duvessa


Innate Abilities, Weirdness & Mutations

You can breathe blasts of noxious fumes.
Your lurid green scales are hard. (AC +7)
You cannot fit into any form of body armour.
Your system is resistant to poisons. (rPois)
You are cold-blooded and may be slowed by cold attacks.
You have a beak for a mouth.
You have large cloven feet.
Your flesh is cold resistant. (rC+)
You are frail. (-10% HP)
Your spells are a little harder to cast, but a little more powerful.
You evolve.


Message History

Press: ? - help, Shift-Dir - straight line, f/p - Dowan
Aim: Dowan, wielding a morningstar of distortion (moderately wounded)
The thunderbolt hits Dowan.
Dowan is heavily wounded.
Dowan hits you with a morningstar of distortion.
* * * LOW HITPOINT WARNING * * *
Space bends around you.
* * * LOW HITPOINT WARNING * * *
Unknown command.
Evoke which item? (* to show all) (? for menu, Esc to quit)
Aiming: Thunderbolt
Press: ? - help, Shift-Dir - straight line, p - Dowan The thunderbolt hits Dowan.
Dowan is heavily wounded.
The thunderbolt hits Duvessa.
Duvessa is heavily wounded.
You have got your breath back.
Dowan gestures at you while chanting. The bolt of fire hits you!
You die...

.##)#..#.##.###.#......#
['##)#.#.##.#.)##.^..^.#
.#)))#..#..##.)'......(#
▓▓▓▓▓▓▓▓▓▓▓▓▓▓▓#.......#
f≈≈≈...#.......#
♣P.+.......#
♣PP#..^....#
♣♣♣##e###### #@..+ #...#
#.e.# #####


You could see Duvessa (confused) and Dowan.

Vanquished Creatures
  A deep elf annihilator (D)
  Erolcha (D)
  An orc high priest (D)
  6 deep elf magi (D)
  An orc sorcerer (D)
  2 redbacks (D)
  A shadow (D)
  A spatial vortex (D)
  2 orc warriors (D)
  A necrophage (D)
  5 two-headed ogres (D)
  A water elemental (D)
  A jelly (D)
  A wizard (D)
  Crazy Yiuf (D)
  3 orc priests (D)
  Jessica (D)
  A necromancer (D)
  3 humans (D)
  A kobold demonologist (D)
  An ooze (D)
  11 orcs (D)
  2 rats (D)
49 creatures vanquished.

Vanquished Creatures (others)
  2 draconian scorchers (D)
  6 hellions (D)
  A yaktaur (D)
  2 plants (D)
11 creatures vanquished.

Grand Total: 60 creatures vanquished

Notes
Turn   | Place    | Note
-------+----------+-------------------------------------------
     0 | D        | KristoblXynda the Draconian Gladiator began the quest for the Orb.
     0 | D        | Reached XP level 1. HP: 17/17 MP: 1/1
     6 | D        | Reached skill level 4 in Long Blades
    34 | D        | Noticed Jessica
    52 | D        | Killed Jessica
    52 | D        | Reached skill level 5 in Long Blades
    52 | D        | Reached XP level 2. HP: 24/24 MP: 2/2
    52 | D        | Reached XP level 3. HP: 29/29 MP: 3/3
   117 | D        | Noticed Crazy Yiuf
   123 | D        | Killed a white draconian scorcher
   134 | D        | Killed a white draconian scorcher
   140 | D        | Killed a yaktaur
   145 | D        | Killed Crazy Yiuf
   145 | D        | Reached skill level 6 in Long Blades
   164 | D        | Killed a hellion
   164 | D        | Killed a hellion
   168 | D        | Killed a hellion
   180 | D        | Killed a hellion
   199 | D        | Killed a hellion
   351 | D        | Reached skill level 7 in Long Blades
   351 | D        | Reached skill level 5 in Dodging
   351 | D        | Reached XP level 4. HP: 32/36 MP: 4/4
   371 | D        | Gained mutation: Your mind is acute. (Int +2) [potion of mutation]
   371 | D        | Gained mutation: Your spells are a little harder to cast, but a little more powerful. [potion of mutation]
   373 | D        | Lost mutation: Your spells are a little harder to cast, but a little more powerful. [potion of mutation]
   373 | D        | Lost mutation: Your mind is acute. (Int +2) [potion of mutation]
   373 | D        | Gained mutation: Your flesh is cold resistant. (rC+) [potion of mutation]
   373 | D        | Gained mutation: Your muscles are strong. (Str +2) [potion of mutation]
   415 | D        | Killed a hellion
   442 | D        | Lost mutation: Your muscles are strong. (Str +2) [potion of mutation]
   442 | D        | Lost mutation: Your flesh is cold resistant. (rC+) [potion of mutation]
   442 | D        | Gained mutation: You tend to lose your temper in combat. [potion of mutation]
   442 | D        | Gained mutation: Your natural rate of healing is unusually fast. [potion of mutation]
   443 | D        | Lost mutation: You tend to lose your temper in combat. [potion of mutation]
   443 | D        | Gained mutation: You are frail. (-10% HP) [potion of mutation]
   443 | D        | Gained mutation: Your spells are a little easier to cast, but a little less powerful. [potion of mutation]
   443 | D        | Gained mutation: You have a beak for a mouth. [potion of mutation]
   444 | D        | Lost mutation: You are frail. (-10% HP) [potion of mutation]
   444 | D        | Lost mutation: Your spells are a little easier to cast, but a little less powerful. [potion of mutation]
   444 | D        | Gained mutation: Your magical capacity is low. (-10% MP) [potion of mutation]
   444 | D        | Gained mutation: Your mind is acute. (Int +2) [potion of mutation]
   444 | D        | Gained mutation: You evolve. [potion of mutation]
   444 | D        | Gained mutation: Your mind is very acute. (Int +4) [potion of mutation]
   445 | D        | Lost mutation: Your natural rate of healing is unusually fast. [potion of mutation]
   445 | D        | Lost mutation: Your magical capacity is low. (-10% MP) [potion of mutation]
   445 | D        | Lost mutation: Your mind is very acute. (Int +4) [potion of mutation]
   445 | D        | Lost mutation: Your mind is acute. (Int +2) [potion of mutation]
   445 | D        | Gained mutation: You are frail. (-10% HP) [potion of mutation]
   445 | D        | Gained mutation: You have large cloven feet. [potion of mutation]
   445 | D        | Gained mutation: Your flesh is cold resistant. (rC+) [potion of mutation]
   445 | D        | Gained mutation: Your spells are a little harder to cast, but a little more powerful. [potion of mutation]
   462 | D        | Noticed a water elemental
   467 | D        | Killed a water elemental
   467 | D        | Reached skill level 8 in Long Blades
   467 | D        | Reached XP level 5. HP: 36/36 MP: 5/5
   561 | D        | Found a basalt altar of Yredelemnul.
   561 | D        | Found a shadowy altar of Dithmenos.
   561 | D        | Found a sacrificial altar of Ru.
   561 | D        | Noticed a necrophage
   566 | D        | Killed a necrophage
   566 | D        | Reached skill level 10 in Long Blades
   800 | D        | Found a hide-covered altar of Uskayaw.
   800 | D        | Found a roughly hewn altar of Beogh.
   800 | D        | Found an iron altar of Okawaru.
   800 | D        | Found a bloodstained altar of Trog.
   800 | D        | Found an ornate altar of the Wu Jian Council.
   800 | D        | Noticed a human
   802 | D        | Noticed a human
   816 | D        | Killed a human
   816 | D        | Reached skill level 11 in Long Blades
   816 | D        | Reached XP level 6. HP: 43/43 MP: 6/6
   838 | D        | Killed a human
   838 | D        | Reached skill level 12 in Long Blades
   850 | D        | Found a radiant altar of Vehumet.
   850 | D        | Found a deep blue altar of Sif Muna.
   850 | D        | Found an ancient bone altar of Kikubaaqudgha.
   853 | D        | Your scales start taking on a lurid green colour.
   853 | D        | Reached XP level 7. HP: 49/49 MP: 7/7
   853 | D        | Gained mutation: Your system is resistant to poisons. (rPois) [Green Draconian growth]
   868 | D        | Found a glowing silver altar of Zin.
   868 | D        | Found a glowing golden altar of the Shining One.
   868 | D        | Found a white marble altar of Elyvilon.
   869 | D        | Noticed a deep elf mage
   881 | D        | Killed a deep elf mage
   881 | D        | Reached skill level 13 in Long Blades
   905 | D        | Noticed a shadow
   906 | D        | Killed a shadow
   906 | D        | Reached XP level 8. HP: 54/54 MP: 9/11
   926 | D        | Found a blossoming altar of Fedhas.
   926 | D        | Found a stormy altar of Qazlal.
   927 | D        | Found a snail-covered altar of Cheibriados.
   927 | D        | Found a burning altar of Makhleb.
   927 | D        | Found a hazy altar of Hepliaklqana.
   927 | D        | Found a shimmering altar of Xom.
   927 | D        | Found an opulent altar of Gozag.
   927 | D        | Found a sparkling altar of Nemelex Xobeh.
   927 | D        | Found a corrupted altar of Lugonu.
   927 | D        | Found a viscous altar of Jiyva.
   939 | D        | Reached skill level 14 in Long Blades
   960 | D        | Became a worshipper of Makhleb the Destroyer
   977 | D        | Reached skill level 5 in Evocations
   992 | D        | Reached * piety under Makhleb
   992 | D        | Reached skill level 10 in Dodging
  1062 | D        | Noticed a two-headed ogre
  1075 | D        | Killed a two-headed ogre
  1128 | D        | Noticed a two-headed ogre
  1128 | D        | Noticed Erolcha
  1133 | D        | Killed Erolcha
  1133 | D        | Reached skill level 15 in Long Blades
  1133 | D        | Reached XP level 9. HP: 54/60 MP: 12/14
  1145 | D        | Killed a two-headed ogre
  1145 | D        | Reached ** piety under Makhleb
  1216 | D        | Noticed an orc high priest
  1237 | D        | Killed an orc high priest
  1237 | D        | Reached *** piety under Makhleb
  1259 | D        | Reached **** piety under Makhleb
  1284 | D        | Reached ***** piety under Makhleb
  1289 | D        | Noticed an orc sorcerer
  1292 | D        | Paralysed by an orc sorcerer for 5 turns
  1322 | D        | Killed an orc sorcerer
  1322 | D        | Reached skill level 5 in Fighting
  1503 | D        | Found Fuattudgh's Gadget Shop.
  1547 | D        | Bought a fan of gales for 440 gold pieces
  1547 | D        | Bought a lamp of fire for 440 gold pieces
  1547 | D        | Bought a lightning rod (4/4) for 440 gold pieces
  1553 | D        | Noticed a deep elf mage
  1553 | D        | Noticed a deep elf mage
  1553 | D        | Noticed a deep elf mage
  1553 | D        | Noticed a deep elf mage
  1553 | D        | Noticed a deep elf mage
  1562 | D        | Killed a deep elf mage
  1562 | D        | Reached skill level 5 in Invocations
  1562 | D        | Reached XP level 10. HP: 42/72 MP: 15/17
  1569 | D        | Killed a deep elf mage
  1570 | D        | Killed a deep elf mage
  1570 | D        | Reached skill level 10 in Evocations
  1589 | D        | Killed a deep elf mage
  1595 | D        | Killed a deep elf mage
  1632 | D        | Noticed a deep elf annihilator
  1645 | D        | Killed a deep elf annihilator
  1647 | D        | Got a flickering zirconium amulet
  1796 | D        | Reached skill level 1 in Shields
  1799 | D        | Reached ****** piety under Makhleb
  1869 | D        | Noticed Duvessa
  1870 | D        | Noticed Dowan
  1900 | D        | Killed from afar by Dowan

Vault maps used:
D:        dungeon_sprint_mu

Skill      XL: |  1  2  3  4  5  6  7  8  9 10 |
---------------+-------------------------------+-----
Throwing       | 2 |  2.0
Long Blades    | 5 7 8 11 12 13 15 | 15.6
Dodging        | 4 5 7 8 9 10 11 13 | 13.0
Evocations     | 4 7 9 11 | 11.3
Fighting       | 5 |  5.5
Invocations    | 5 9 |  9.5
Shields        | 1 |  1.8

Action                   |  1- 3 |  4- 6 |  7- 9 | 10-12 || total
-------------------------+-------+-------+-------+-------++-------
Melee: Long sword        |    38 |    20 |   123 |    42 ||   223
       Tailslap          |     5 |       |    22 |     5 ||    32
       Peck              |       |     9 |    33 |     7 ||    49
       Kick              |       |    10 |    51 |    17 ||    78
Throw: Throwing net      |     3 |       |       |     1 ||     4
 Abil: Breathe Noxious F |       |       |     9 |     2 ||    11
Evoke: Wand              |       |     2 |       |       ||     2
       Lightning rod     |       |       |       |     3 ||     3
       Lamp of fire      |       |       |       |     1 ||     1
  Use: Potion            |     1 |     8 |       |       ||     9
       Scroll            |       |     1 |     1 |       ||     2
 Stab: Held in net/web   |     3 |       |       |       ||     3
       Confused          |       |     1 |     6 |     3 ||    10
       Distracted        |       |       |     1 |       ||     1
  Eat: Chunk             |       |       |     4 |     1 ||     5
Armor: Skin              |     7 |     3 |    12 |     2 ||    24
Dodge: Dodged            |    19 |     3 |    63 |    18 ||   103
       Rpst.: Long sword |     8 |       |    12 |     5 ||    25

Table legend:
 A = Spawn XP
 B = Non-spawn XP
 C = Spawn XP percentage of total XP
 D = Spawn monster count
 E = Non-spawn monster count
 F = Spawn count percentage of total count
 G = Total turns spent on level
                    A         B        C        D         E        F      G
               +---------+---------+-------+---------+---------+-------+---------
         Total |       0 |    9714 |   0.0 |       0 |      49 |   0.0 |  1900
               +---------+---------+-------+---------+---------+-------+---------
             D |       0 |    9714 |   0.0 |       0 |      49 |   0.0 |  1900
               +---------+---------+-------+---------+---------+-------+---------
